 Dungeon Crawl Stone Soup version 0.25.0-9-g26727b657a (webtiles) character file.

Game seed: 17136430760205093780

169 vurker the Shield-Bearer (level 5, -7/42 HPs)
             Began as a Formicid Fighter on June 16, 2020.
             Was an Initiate of Gozag.
             Mangled by an ogre
             ... wielding a +0 giant spiked club
              (20 damage)
             ... on level 4 of the Dungeon.
             The game lasted 00:02:47 (2428 turns).

vurker the Shield-Bearer (Formicid Fighter)         Turns: 2428, Time: 00:02:47

Health: -7/42      AC: 13    Str: 22    XL:     5   Next: 79%
Magic:  5/5        EV:  8    Int:  7    God:    Gozag
Gold:   396        SH: 15    Dex: 10    Spells: 4/4 levels left

rFire    . . .     SeeInvis +   a - +0 war axe
rCold    . . .     Gourm    .   c - +0 kite shield
rNeg     . . .     Faith    .   b - +0 scale mail
rPois    .         Spirit   .   (helmet unavailable)
rElec    .         Reflect  +   u - +0 cloak
rCorr    .         Harm     .   (no gloves)
MR       .....                  t - +0 pair of boots
Stlth    ..........             p - amulet of reflection
HPRegen  0.14/turn              h - +4 ring of protection
MPRegen  0.09/turn              (no ring)

@: gold aura
A: permanent stasis, dig shafts and tunnels, four strong arms, antennae 3
a: Dig, Shaft Self, Potion Petition, Call Merchant, Bribe Branch, Renounce
Religion


You were on level 4 of the Dungeon.
You worshipped Gozag.
Gozag was aware of your devotion.
You were not hungry.

You visited 1 branch of the dungeon, and saw 4 of its levels.

You collected 425 gold pieces.
You paid 29 gold pieces to Gozag.

Inventory:

Hand Weapons
 a - a +0 war axe (weapon)
 v - a +2 quarterstaff of chaos
   (You took it off Crazy Yiuf on level 3 of the Dungeon)
Armour
 b - a +0 scale mail (worn)
 c - a +0 kite shield (worn)
 t - a +0 pair of boots (worn)
   (You found it on level 3 of the Dungeon)
 u - a +0 cloak (worn)
   (You took it off Crazy Yiuf on level 3 of the Dungeon)
Jewellery
 h - a +4 ring of protection (left hand)
   (You found it on level 1 of the Dungeon)
 p - an amulet of reflection (around neck)
   (You found it on level 2 of the Dungeon)
Scrolls
 f - 2 scrolls of magic mapping {unknown}
 i - a scroll of remove curse {unknown}
 l - a scroll of fear {unknown}
 m - a scroll of enchant armour {unknown}
 n - a scroll of fog {unknown}
 o - 2 scrolls of identify {unknown}
 r - a scroll of enchant weapon {unknown}
Potions
 d - 3 potions of might
 g - a potion of cancellation {unknown}
 j - 2 potions of curing {unknown}
 k - a potion of resistance {unknown}
 q - a potion of flight {unknown}
 s - 2 potions of degeneration {unknown}
Comestibles
 e - 3 rations


   Skills:
 + Level 4.1 Fighting
 * Level 3.7 Axes
 + Level 4.1 Armour
 + Level 4.6 Shields


You had 4 spell levels left.
You didn't know any spells.
Your spell library was empty.

Dungeon Overview and Level Annotations

Branches:
Dungeon (4/15)
 Temple: D:4-7

Altars:
Gozag
Hepliaklqana
Okawaru
Wu Jian


Innate Abilities, Weirdness & Mutations

You cannot be hasted, slowed, berserked, paralysed or teleported.
You can dig through walls and to a lower floor.
Your four strong arms can wield two-handed weapons with a shield.
You have a pair of large antennae on your head. (SInv)


Message History

You resist with some effort.
The orc wizard hits you but does no damage.
You slash the orc wizard!
You kill the orc wizard!
You barely miss the jackal.
The jackal is no longer distracted by gold.
You block the jackal's attack.
The jackal bites you but does no damage.
You hit the jackal.
The orc is no longer distracted by gold.
The jackal barely misses you.
The jackal bites you but does no damage.
You hit the jackal. You block the jackal's attack.
The leopard gecko becomes distracted by the nearby gold, dreaming of imaginary riches.
You block the jackal's attack.
You slash the jackal!
You kill the jackal!
You block the orc's attack.
You closely miss the orc. The orc hits you with a +0 dagger.
You closely miss the orc.
The leopard gecko is no longer distracted by gold.
The orc closely misses you. The orc hits you but does no damage.
You slash the orc!
You kill the orc!
You slash the ogre!
The ogre hits you with a +0 giant spiked club!
The leopard gecko becomes distracted by the nearby gold, dreaming of imaginary riches.
The leopard gecko hisses angrily.
You hit the ogre.
The leopard gecko is no longer distracted by gold.
The ogre hits you with a +0 giant spiked club!
* * * LOW HITPOINT WARNING * * *
The leopard gecko becomes distracted by the nearby gold, dreaming of imaginary riches.
The leopard gecko hisses angrily.
You barely miss the ogre.
The ogre becomes distracted by the nearby gold, dreaming of imaginary riches.
Unknown command.
You hit the ogre but do no damage.
The ogre is no longer distracted by gold.
The ogre barely misses you.
You hit the ogre.
The leopard gecko is no longer distracted by gold.
The leopard gecko becomes distracted by the nearby gold, dreaming of imaginary riches.
The ogre hits you with a +0 giant spiked club!
* * * LOW HITPOINT WARNING * * *
The leopard gecko hisses angrily.
You slash the ogre!
The ogre hits you with a +0 giant spiked club!!
You die...
Your body crumbles into a pile of gold.

#...##.#..#..).....#
##......#..<.....##.#
#.......#.#.......#.#
#.......#.......#.#.#
#.......#..#.##.#.#.#
###...#.#.#..#<...#.#.#
.......>.....#.####.#.#
###..#$#.#.##.. #.# #
$#@#.#.#########.# $
#O#.#...........#
.l#.#############
...#.# ....#.# .....#.#
...##.# #... #.#


You could see an ogre and a leopard gecko.

Vanquished Creatures
  Crazy Yiuf (D:3)
  An orc wizard (D:4)
  2 adders
  5 leopard geckos
  5 orcs
  6 bats
  6 giant cockroaches
  10 goblins
  9 hobgoblins
  7 jackals
  6 frilled lizards
  9 kobolds
  11 rats
78 creatures vanquished.

Notes
Turn   | Place    | Note
-------+----------+-------------------------------------------
     0 | D:1      | vurker the Formicid Fighter began the quest for the Orb.
     0 | D:1      | Reached XP level 1. HP: 18/18 MP: 1/1
    69 | D:1      | Reached XP level 2. HP: 24/24 MP: 2/2
   350 | D:1      | Reached XP level 3. HP: 27/29 MP: 3/3
   707 | D:2      | Found an opulent altar of Gozag.
   717 | D:2      | Became a worshipper of Gozag Ym Sagoz the Greedy
  1127 | D:2      | Found a hazy altar of Hepliaklqana.
  1256 | D:2      | Found an ornate altar of the Wu Jian Council.
  1377 | D:3      | Reached XP level 4. HP: 37/37 MP: 4/4
  1522 | D:3      | Found an iron altar of Okawaru.
  2096 | D:3      | Found a runed translucent door.
  2097 | D:3      | Noticed Crazy Yiuf
  2111 | D:3      | Killed Crazy Yiuf
  2111 | D:3      | Reached XP level 5. HP: 40/42 MP: 5/5
  2337 | D:4      | Found the +9 staff of Olgreb {rPois∞}
  2379 | D:4      | Noticed an ogre
  2428 | D:4      | Mangled by an ogre

Illustrated notes

Levels and vault maps discovered:
D:1:      minmay_arrival_four_houses, layout_rooms
D:2:      layout_loops_ring, overflow_temple_1_default,
          overflow_temple_1_default, lemuel_crystal_altar
D:3:      layout_loops_ring, first_ration, okawaru_ov_weapons_minmay,
          uniq_crazy_yiuf_cottage
D:4:      layout_basic, minmay_temple_entry_mist,
          hangedman_abyss_or_decor_passed

Skill      XL: |  1  2  3  4 |
---------------+-------------+-----
Shields        | 4 |  4.6
Axes           | 3 |  3.7
Fighting       | 4 |  4.1
Armour         | 4 |  4.1

Action                   |  1- 3 |  4- 6 || total
-------------------------+-------+-------++-------
Melee: War axe           |   145 |   107 ||   252
       Quarterstaff      |       |    39 ||    39
 Stab: Paralysed         |       |     1 ||     1
  Eat: Ration            |       |     2 ||     2
Armor: Scale mail        |    63 |    46 ||   109
Dodge: Dodged            |    48 |    39 ||    87
Block: Kite shield       |    88 |   114 ||   202
